 Dungeon Crawl Stone Soup version 0.30-a0-4-ga7cffc901d (webtiles) character file.

Game seed: 4246983358808096821

52138 frimble the Blocker (level 14, 0/108 HPs)
             Began as a Demonspawn Earth Elementalist on Aug 20, 2022.
             Was a High Priest of Cheibriados.
             Killed from afar by Frances (32 damage)
             ... with a shard of ice
             ... on level 12 of the Dungeon.
             The game lasted 00:25:56 (22457 turns).

frimble the Blocker (DsEE)                         Turns: 22457, Time: 00:25:57

Health: 0/108      AC: 10    Str: 21    XL:     14   Next: 26%
Magic:  17/21      EV: 17    Int: 31    God:    Cheibriados [*****.]
Gold:   1547       SH: 17    Dex: 34    Spells: 14/17 levels left

rFire   + . .      SeeInvis .      - Unarmed
rCold   + . .      Faith    .    O - +1 kite shield
rNeg    . . .      Spirit   .    L - +1 scale mail "Gas Gaq" {Contam Slay+5}
rPois   +          Reflect  .    q - +0 helmet
rElec   .          Harm     .    x - scarf {rC+ rF+}
rCorr   .          Rampage  .    (no gloves)
Will    +....                    k - +1 pair of boots
Stlth   +++.......               n - amulet of magic regeneration
HPRegen 0.28/turn                c - +6 ring of dexterity
MPRegen 0.57/turn                P - ring of poison resistance

@: studying Stealth, very slow
A: repulsion field 1, spiny 2, demonic magic 1, demonic touch 2
a: Renounce Religion, Bend Time, Temporal Distortion, Slouch, Step From Time


You were on level 12 of the Dungeon.
You worshipped Cheibriados.
Cheibriados was extremely pleased with you.
You visited 3 branches of the dungeon, and saw 18 of its levels.
You also visited: Sewer and Bailey.

You collected 2004 gold pieces.
You spent 457 gold pieces at shops.

Inventory:

Hand Weapons
 p - the +8 spear of Hepliaklqana's Grace {vamp, Stlth+}
   (You took it off a goblin on level 4 of the Dungeon)

   It occasionally heals its wielder for a portion of the damage dealt when it
   wounds a living foe.
   Stlth:     It makes you more stealthy.
 y - a +2 rapier of electrocution
Missiles
 l - 5 javelins
 F - 11 throwing nets
Armour
 k - a +1 pair of boots (worn)
 q - a +0 helmet (worn)
 v - a +0 cloak
 x - a scarf of resistance (worn)
 L - the +1 scale mail "Gas Gaq" (worn) {Contam Slay+5}
   (You took it off a gnoll sergeant on level 7 of the Dungeon)

   Slay:      It affects your accuracy & damage with ranged weapons and melee
   (+5).
   Contam:    It causes magical contamination when unequipped.
 O - a +1 kite shield (worn)
Jewellery
 c - a +6 ring of dexterity (left hand)
 n - an amulet of magic regeneration (around neck)
 z - a +6 ring of intelligence
 A - a ring of protection from cold
 M - the ring of Nepn {Wiz rC- rCorr Str-4 Dex+4}
   (You took it off a gnoll bouda on level 7 of the Dungeon)

   [ring of wizardry]

   It improves your spell success rate.
   Str:       It affects your strength (-4).
   Dex:       It affects your dexterity (+4).
   rC:        It makes you vulnerable to cold.
   rCorr:     It protects you from acid and corrosion.
 P - a ring of poison resistance (right hand)
 R - a ring of resist corrosion
Wands
 e - a wand of mindburst (9)
 r - a wand of roots (12)
 w - a wand of flame (39)
 K - a wand of charming (4)
 N - a wand of quicksilver (16)
 V - a wand of digging (4)
Scrolls
 g - 6 scrolls of teleportation
 s - 5 scrolls of enchant armour
 B - 5 scrolls of immolation
 D - a scroll of vulnerability {unknown}
 E - a scroll of magic mapping
 G - 4 scrolls of identify
 H - 3 scrolls of blinking
 I - a scroll of poison
 J - a scroll of amnesia
 S - a scroll of fear
 T - 2 scrolls of enchant weapon {unknown}
 U - 3 scrolls of summoning
 W - a scroll of butterflies
Potions
 a - 2 potions of berserk rage
 b - 2 potions of magic
 d - 6 potions of attraction
 f - 3 potions of ambrosia
 h - 5 potions of brilliance
 i - 7 potions of heal wounds
 j - 5 potions of curing
 m - a potion of resistance
 o - a potion of mutation
 t - 2 potions of invisibility
 u - 5 potions of might
 C - 2 potions of cancellation
Miscellaneous
 Q - a box of beasts (inert)


   Skills:
 - Level 9.0 Fighting
 - Level 2.4 Short Blades
 - Level 2.4 Polearms
 - Level 6.1 Dodging
 - Level 7.4 Stealth
 + Level 11.5 Shields
 - Level 10.3 Unarmed Combat
 - Level 2.0 Spellcasting
 - Level 4.9 Transmutations
 - Level 5.6 Earth Magic
 - Level 10.2 Invocations
 - Level 8.4 Evocations


You had 14 spell levels left.
You knew the following spells:

 Your Spells              Type           Power      Damage    Failure   Level
a - Sandblast             Erth           76%        2d16      4%          1
b - Passwall              Tmut/Erth      30%        N/A       8%          2

Your spell library contained the following spells:

 Spells                   Type           Power      Damage    Failure   Level
 Stone Arrow              Conj/Erth      40%        3d9       38%         3
 Foxfire                  Conj/Fire      12%        2x1d4     41%         1
 Slow                     Hex            12%        N/A       41%         1
 Summon Small Mammal      Summ           12%        N/A       41%         1
 Petrify                  Tmut/Erth      36%        N/A       45%         4
 Ignite Poison            Fire/Tmut/Pois 13%        N/A       56%         3
 Call Canine Familiar     Summ           3%         N/A       80%         3
 Confusing Touch          Hex            3%         N/A       80%         3
 Conjure Flame            Conj/Fire      3%         6-21      80%         3
 Gell's Gravitas          Tloc           3%         N/A       80%         3
 Inner Flame              Hex/Fire       3%         N/A       80%         3
 Lesser Beckoning         Tloc           3%         N/A       80%         3
 Mephitic Cloud           Conj/Pois/Air  3%         N/A       80%         3
 Portal Projectile        Hex/Tloc       6%         N/A       80%         3
 Summon Guardian Golem    Hex/Summ       3%         N/A       80%         3
 Teleport Other           Tloc           3%         N/A       80%         3
 Vampiric Draining        Necr           3%         2d6       80%         3
 Leda's Liquefaction      Hex/Erth       10%        N/A       80%         4
 Animate Dead             Necr           3%         N/A       99%         4
 Flame Wave               Conj/Fire      3%         2d5       99%         4
 Freezing Cloud           Conj/Ice/Air   1%         6-21      100%        5
 Metabolic Englaciation   Hex/Ice        1%         N/A       100%        5
 Dispersal                Tloc           1%         N/A       100%        6
 Statue Form              Tmut/Erth      24%        N/A       100%        6
 Enfeeble                 Hex            1%         N/A       100%        7
 Haunt                    Necr/Summ      1%         N/A       100%        7
 Infestation              Necr           1%         N/A       100%        8


Dungeon Overview and Level Annotations

Branches:
Dungeon (12/15)            Temple (1/1) D:4            Lair (5/5) D:9
 Shoals (0/4) Lair:2       Spider (0/4) Lair:2        Slime (0/5) Lair:4
  Sewer (visited)          Bailey (visited)
    Orc: D:9-12

Altars:
Ashenzari
Cheibriados
Dithmenos
Fedhas
Gozag
Hepliaklqana
Kikubaaqudgha
Makhleb
Nemelex Xobeh
Qazlal
Ru
Sif Muna
Uskayaw
Vehumet
Wu Jian
Jiyva

Shops:
D:1 !   D:7 !   D:8 *?

Annotations:
D:6 Maggie
D:12 Frances


Innate Abilities, Weirdness & Mutations

You are surrounded by a mild repulsion field. (EV +2)
You are mostly covered in sharp spines.
Spells you cast may paralyse adjacent enemies.
Your touch may inflict irresistible damage on your foes.


Message History

You block the ynoxinul's attack.
Frances hits you with a +3 flail of holy wrath!
You convulse!
Aiming: Fastroot
Press: ? - help, Shift-Dir - straight line, f - ynoxinul
Aim: a ynoxinul (summoned)
The roots erupt in riotous growth!
Roots grab the ynoxinul.
Roots grab Frances.
The grasping roots constrict Frances!
The grasping roots constrict the ynoxinul!
You block the ynoxinul's attack.
Frances screams a word of power!
You block the iron shot.
You punch Frances!
Frances is moderately wounded.
The grasping roots constrict Frances!
The grasping roots constrict the ynoxinul!
The roots release their grip on the ynoxinul.
The ynoxinul closely misses you.
Frances hits you with a +3 flail of holy wrath!
You convulse!
* * * LOW HITPOINT WARNING * * *
You punch Frances!
Frances is heavily wounded.
The grasping roots constrict Frances!
The ynoxinul barely misses you. You block Frances's attack.
Activating: Slouch (1% risk of failure)
Press: ? - help, Dir - look around, f - activate You can feel time thicken for a moment.
You kill the ynoxinul!
The ynoxinul disappears in a puff of smoke!
Cheibriados lowers the support of your attributes as your movement quickens.
The grasping roots constrict Frances!
You block Frances's attack.
You punch Frances!
Frances is almost dead.
The grasping roots constrict Frances.
The roots release their grip on Frances.
Frances chants phrases taken from a devil's mouth.
The shard of ice hits you!! You partially resist.
You die...

## ###......# ...
#......# . #...
#......# . . #....
#.....##.#..
......#.###.##/$.
..>............#
##..#..........#..
#.........#.......
#..#..#...@@.#...
.........###.#...
.....##..# # .....
#..# ...#. ...#
.#.## #.#.


You could see Frances.

Vanquished Creatures
  2 hydras
  Harold (Lair:2)
  A catoblepas (Lair:5)
  A two-headed ogre (D:9)
  The ghost of pigah the Zephyrmancer, a novice OpAE of Gozag (D:7)
  An orb spider (Lair:2)
  A lindwurm (Lair:5)
  2 manticores
  4 elephants (Lair:3)
  11 black mambas
  2 molten gargoyles (Lair:5)
  11 cane toads
  A gargoyle (Bailey)
  3 rime drakes
  5 komodo dragons
  3 polar bears
  A wind drake (Lair:2)
  2 trolls
  A hornet (D:11)
  4 dream sheep (Lair:5)
  7 blink frogs
  A shadow (D:9)
  11 wyverns
  6 vampires
  Sigmund (D:4)
  11 basilisks
  Eustachio (D:6)
  51 yaks
  5 steam dragons
  Grum (D:7)
  Edmund (D:4)
  4 vampire mosquitoes (D:11)
  Menkaure (D:5)
  An acid dragon (D:11)
  15 water moccasins
  3 hell hounds (Lair:5)
  2 orc warriors
  An ice beast (D:6)
  3 black bears
  19 wolves
  A centaur (D:6)
  3 phantoms
  4 kobold brigands (Sewer)
  3 necrophages
  3 gnoll sergeants
  11 bullfrogs
  2 scorpions (D:6)
  22 wights
  8 vampire bats (Bailey)
  3 howler monkeys
  2 electric eels
  3 lava snakes (Lair:5)
  8 wolf zombies (Bailey)
  4 orc priests
  3 hounds
  4 jellies
  3 gnoll boudas
  Ijyb (D:5)
  10 iguanas
  10 orc wizards
  5 hell rats (Lair:5)
  Robin (D:4)
  22 gnolls
  3 river rats (Sewer)
  14 adders
  A white imp (D:7)
  2 ufetubi
  4 worms
  2 dart slugs
  31 orcs
  10 ball pythons
  13 endoplasms
  2 giant cockroaches (D:3)
  19 goblins
  10 hobgoblins
  2 quokkas
  5 bats
  2 frilled lizards
  6 kobolds
  22 orc zombies (Bailey)
  4 rats
491 creatures vanquished.

Vanquished Creatures (collateral kills)
  A fire dragon (Lair:5)
1 creature vanquished.

Vanquished Creatures (others)
  A bush (Lair:5)
  28 fungi
  32 plants
61 creatures vanquished.

Grand Total: 553 creatures vanquished

Notes
Turn   | Place    | Note
-------+----------+-------------------------------------------
     0 | D:1      | frimble the Demonspawn Earth Elementalist began the quest
                  | for the Orb.
     0 | D:1      | Reached XP level 1. HP: 13/13 MP: 3/3
    82 | D:1      | Reached skill level 1 in Transmutations
   188 | D:1      | Found Kiloets's Distillery.
   308 | D:1      | Gained mutation: You are partially covered in sharp spines.
                  | [demonic ancestry]
   308 | D:1      | Reached XP level 2. HP: 16/19 MP: 5/5
   512 | D:1      | Found a faded altar of an unknown god.
   630 | D:2      | Reached skill level 1 in Short Blades
   751 | D:2      | Found a sparkling altar of Nemelex Xobeh.
   780 | D:2      | Got the Book of the Vexing Summer
  1190 | D:2      | Gained mutation: You are surrounded by a mild repulsion
                  | field. (EV +2) [demonic ancestry]
  1190 | D:2      | Reached XP level 3. HP: 24/24 MP: 6/6
  1694 | D:3      | Learned a level 2 spell: Passwall
  1839 | D:3      | Found an ancient bone altar of Kikubaaqudgha.
  2172 | D:3      | Found a faded altar of an unknown god.
  2176 | D:3      | Found a hazy altar of Hepliaklqana.
  2260 | D:4      | Found a staircase to the Ecumenical Temple.
  2270 | D:4      | Noticed Sigmund
  2274 | Temple   | Entered the Ecumenical Temple
  2279 | Temple   | Became a worshipper of Cheibriados the Contemplative
  2359 | D:4      | HP: 1/36 [iguana (7)]
  2361 | D:4      | Reached XP level 4. HP: 1/30 MP: 7/7
  2645 | D:4      | Identified the +8 spear of Hepliaklqana's Grace {vamp,
                  | Stlth+}
  2677 | D:4      | Found a glowing drain.
  2678 | Sewer    | Entered a sewer
  2718 | Sewer    | Reached skill level 1 in Polearms
  2725 | Sewer    | Noticed a kobold brigand
  2736 | Sewer    | Killed a kobold brigand
  2737 | Sewer    | Gained mutation: Your touch may inflict minor irresistible
                  | damage on your foes. [demonic ancestry]
  2737 | Sewer    | Reached XP level 5. HP: 30/35 MP: 8/8
  2795 | Sewer    | Reached skill level 1 in Fighting
  2810 | Sewer    | Reached * piety under Cheibriados
  2920 | Sewer    | Reached XP level 6. HP: 38/46 MP: 9/9
  3490 | D:4      | Gained mutation: Spells you cast may paralyse adjacent
                  | enemies. [demonic ancestry]
  3490 | D:4      | Reached XP level 7. HP: 55/55 MP: 10/10
  3557 | D:4      | Reached ** piety under Cheibriados
  3594 | D:4      | Reached skill level 5 in Fighting
  3643 | D:4      | Noticed Edmund
  3657 | D:4      | Killed Edmund
  3662 | D:4      | Killed Sigmund
  4227 | D:4      | Noticed Robin
  4234 | D:4      | Killed Robin
  4345 | D:5      | Entered Level 5 of the Dungeon
  4362 | D:5      | Gained mutation: Your touch may inflict irresistible damage
                  | on your foes. [demonic ancestry]
  4362 | D:5      | Reached XP level 8. HP: 54/67 MP: 11/11
  4364 | D:5      | Reached *** piety under Cheibriados
  4461 | D:5      | Reached skill level 1 in Unarmed Combat
  4498 | D:5      | Noticed Menkaure
  4501 | D:5      | Killed Menkaure
  4646 | D:5      | Noticed Ijyb
  4655 | D:5      | Killed Ijyb
  4874 | D:5      | HP: 2/67 [gnoll sergeant/+3 vorpal spear (11)]
  5335 | D:5      | Reached skill level 5 in Unarmed Combat
  5361 | D:5      | Reached **** piety under Cheibriados
  5692 | D:6      | Noticed Eustachio
  5704 | D:6      | Reached XP level 9. HP: 40/72 MP: 12/12
  5926 | D:6      | Killed Eustachio
  6219 | D:6      | Noticed Maggie
  6275 | D:6      | HP: 1/72 [Maggie/bolt of fire (20)]
  6302 | D:7      | Found Bawuco's Distillery.
  6372 | D:7      | Bought a potion of heal wounds for 55 gold pieces
  6372 | D:7      | Bought a potion of heal wounds for 55 gold pieces
  6372 | D:7      | Bought a potion of berserk rage for 55 gold pieces
  6372 | D:7      | Bought a potion of resistance for 110 gold pieces
  6372 | D:7      | Bought a potion of might for 44 gold pieces
  6742 | D:7      | Identified the +1 scale mail "Gas Gaq" {Contam Slay+5}
  6756 | D:7      | Found a transporter.
  6828 | D:7      | Reached ***** piety under Cheibriados
  6878 | D:7      | Reached skill level 10 in Unarmed Combat
  6895 | D:7      | Reached XP level 10. HP: 67/78 MP: 13/13
  7021 | D:7      | Found a hide-covered altar of Uskayaw.
  7022 | D:7      | Found an opulent altar of Gozag.
  7170 | D:7      | Noticed Grum
  7178 | D:7      | Noticed pigah's ghost (novice OpAE)
  7194 | D:7      | Found a transporter.
  7200 | D:7      | Identified the ring of Nepn {Wiz rC- rCorr Str-4 Dex+4}
  7259 | D:7      | Found a shadowy altar of Dithmenos.
  7260 | D:7      | Found a shimmering blue altar of Sif Muna.
  7262 | D:7      | Found an ornate altar of the Wu Jian Council.
  7262 | D:7      | Found a sparkling altar of Nemelex Xobeh.
  7263 | D:7      | Found a sacrificial altar of Ru.
  7301 | D:7      | Found a radiant altar of Vehumet.
  7304 | D:7      | Found a blossoming altar of Fedhas.
  7505 | D:8      | Found Luamanw Rutu's General Store.
  7513 | D:8      | Bought a wand of roots (2) for 48 gold pieces
  7522 | D:8      | Found a flagged portal.
  7534 | Bailey   | Entered a bailey
  7736 | Bailey   | Noticed a gargoyle
  7790 | Bailey   | Killed a gargoyle
  8166 | D:8      | Reached skill level 5 in Earth Magic
  8462 | D:8      | Reached ****** piety under Cheibriados
  8631 | D:8      | Found Ulihegoc's Magic Scroll Emporium.
  8639 | D:8      | Bought a scroll of blinking for 90 gold pieces
  8797 | D:9      | Reached skill level 1 in Invocations
  8816 | D:9      | Reached skill level 5 in Invocations
  9217 | D:9      | Noticed a two-headed ogre
  9229 | D:9      | Killed a two-headed ogre
  9230 | D:9      | Reached XP level 11. HP: 54/84 MP: 14/16
  9681 | D:9      | Found a staircase to the Lair.
 10349 | D:6      | Found a stormy altar of Qazlal.
 10539 | D:7      | Killed pigah's ghost
 10556 | D:7      | Killed Grum
 10557 | D:7      | Reached skill level 10 in Invocations
 10966 | D:10     | Entered Level 10 of the Dungeon
 11098 | D:10     | Reached skill level 1 in Shields
 11625 | D:10     | Gained mutation: You are mostly covered in sharp spines.
                  | [demonic ancestry]
 11625 | D:10     | Reached XP level 12. HP: 91/91 MP: 19/19
 11634 | D:10     | Reached skill level 2 in Shields
 12052 | D:11     | Reached skill level 5 in Stealth
 12298 | D:11     | Reached skill level 3 in Shields
 12610 | D:11     | Found a broken altar of Ashenzari.
 12854 | D:11     | Reached skill level 4 in Shields
 13591 | D:12     | Noticed Frances
 13641 | Lair:1   | Entered Level 1 of the Lair of Beasts
 13904 | Lair:1   | Reached skill level 5 in Shields
 14318 | Lair:1   | Identified a scroll of acquirement
 14319 | Lair:1   | Acquired 647 gold pieces
 14579 | Lair:2   | Noticed Harold
 14592 | Lair:2   | Killed Harold
 14593 | Lair:2   | Reached XP level 13. HP: 95/96 MP: 20/20
 14830 | Lair:2   | Reached skill level 6 in Shields
 15317 | Lair:2   | Found a staircase to the Shoals.
 15527 | Lair:2   | Found a hole to the Spider Nest.
 15535 | Lair:2   | Reached skill level 5 in Dodging
 15903 | Lair:2   | You fall into a shaft and drop 2 floors!
 16148 | Lair:4   | Found a staircase to the Slime Pits.
 16148 | Lair:4   | Found a viscous altar of Jiyva.
 16538 | Lair:4   | Reached skill level 7 in Shields
 17555 | Lair:3   | Reached skill level 8 in Shields
 18451 | Lair:4   | Reached skill level 9 in Shields
 18693 | Lair:5   | Entered Level 5 of the Lair of Beasts
 19481 | Lair:5   | Reached skill level 10 in Shields
 20074 | Lair:5   | Reached XP level 14. HP: 40/106 MP: 11/21
 20920 | Lair:5   | Found a large runed translucent door.
 21172 | Lair:5   | Reached skill level 11 in Shields
 21388 | Lair:5   | Found a large runed translucent door.
 22457 | D:12     | Killed from afar by Frances

Illustrated notes

Levels and vault maps discovered:
D:1:      lemuel_arrival_room, layout_rooms, dreamdust_ecumenical_altar_grove,
          serial_shops, nicolae_shop_trees, dreamdust_wishing_well
D:2:      layout_loops_corners, basic_altar, hangedman_decor_peaks_small
D:3:      layout_basic, nicolae_overflow_ecumenical_swirl,
          overflow_temple_1_default
D:4:      layout_basic, temple_pool_b, portal_sewer_entry_d, uniq_edmund,
          uniq_sigmund, uniq_robin
D:5:      layout_loops_ring, uniq_ijyb, uniq_menkaure
D:6:      layout_cave_pools, lemuel_coloured_pillars_altar,
          minmay_misc_feat_plants, roderic_serpentine_path, uniq_eustachio,
          uniq_maggie
D:7:      layout_rooms, nicolae_overflow_hallway_of_the_gods, serial_shops,
          shop, gammafunk_ghost_gnarly_gnolls
D:8:      layout_basic, enter_bailey_5, serial_shops,
          nicolae_shop_advertising_works [nicolae_subvault_shop_adworks], shop
D:9:      layout_basic, lair_entry_dummy
D:10:     layout_basic
D:11:     layout_irregular_city, nicolae_ashenzari_panopticon
D:12:     layout_basic, minmay_orc_entry_guard_dogs, minmay_pinched_square,
          uniq_frances
Temple:   compressed_dpeg_circular_temple
Lair:1:   layout_misc_corridors
Lair:2:   cheibrodos_lair_river_kwai, layout_long_grid,
          minmay_shoals_entry_beasts, nicolae_spider_entry_orb_guardian,
          beast_lair_carwin_11, uniq_harold
Lair:3:   layout_big_grid, kennysheep_basilisk_garden
Lair:4:   layout_gridlike, nicolae_slime_entry_slimehenge, minmay_lindwurm_lava
Lair:5:   cheibrodos_lair_end_hotspot, layout_misc_corridors,
          grunt_forest_small_clearings, lookout_lair_type, serial_bayou_shore_b

Skill      XL: |  1  2  3  4  5  6  7  8  9 10 11 12 13 14 |
---------------+-------------------------------------------+-----
Transmutations | 1 2 4 |  4.9
Earth Magic    | 3 5 |  5.6
Short Blades   | 1 2 |  2.4
Polearms       | 2 |  2.4
Fighting       | 2 4 7 8 9 |  9.0
Unarmed Combat | 6 10 | 10.3
Invocations    | 7 10 | 10.2
Stealth        | 4 7 |  7.4
Shields        | 1 5 10 11 | 11.5
Evocations     | 8 |  8.4
Dodging        | 4 6 |  6.1
Spellcasting   | |  2.0

Action                   |  1- 3 |  4- 6 |  7- 9 | 10-12 | 13-15 || total
-------------------------+-------+-------+-------+-------+-------++-------
Melee: Dagger            |    26 |       |       |       |       ||    26
       Punch             |     1 |       |     6 |    29 |     6 ||    42
       Rapier            |    55 |     1 |       |       |       ||    56
       Spear             |       |    90 |   218 |       |       ||   308
       Touch             |       |     5 |    51 |    75 |    19 ||   150
       Unarmed           |       |       |    37 |   325 |   338 ||   700
 Cast: Sandblast         |     5 |     5 |     3 |    28 |    23 ||    64
       Passwall          |       |     2 |       |     2 |       ||     4
Invok: Temporal Distorti |       |       |     1 |       |       ||     1
       Slouch            |       |       |       |     1 |     8 ||     9
       Step From Time    |       |       |       |       |     2 ||     2
Evoke: Wand              |       |       |       |       |     1 ||     1
       Box of beasts     |       |       |       |       |     1 ||     1
  Use: Scroll            |     5 |     3 |     5 |    15 |     4 ||    32
       Potion            |     2 |       |     5 |     6 |     4 ||    17
 Stab: Sleeping          |     4 |     1 |    15 |    15 |     7 ||    42
       Distracted        |       |       |     4 |       |       ||     4
       Paralysed         |       |       |     1 |    24 |     5 ||    30
       Petrifying        |       |       |       |       |     3 ||     3
       Petrified         |       |       |       |       |     1 ||     1
Armor: Leather armour    |    15 |     7 |    41 |       |       ||    63
       Steam dragon scal |       |       |    13 |    63 |       ||    76
       Scale mail        |       |       |       |    61 |   111 ||   172
Dodge: Dodged            |    38 |    31 |   138 |   301 |   269 ||   777
Block: Kite shield       |       |       |       |       |   293 ||   293

Table legend: (Time is in decaauts)
 A = Elapsed time spent in this place.
 B = Non-inter-level travel time spent in this place.
 C = Inter-level travel time spent in this place.
 D = Time resting spent in this place.
 E = Time spent auto-exploring this place.
 F = Levels seen in this place.
 G = Mean time per level.
                   A        B        C        D        E       F      G
               +--------+--------+--------+--------+--------+-----+--------+
         Total |  30818 |  28545 |   2273 |    287 |  24109 |  20 | 1540.9 |
       Dungeon |  16764 |  14968 |   1796 |    281 |  12457 |  12 | 1397.0 |
        Temple |     12 |     12 |      0 |      0 |      0 |   1 |   12.0 |
          Lair |  12184 |  11707 |    477 |      6 |  10322 |   5 | 2436.8 |
         Sewer |   1113 |   1113 |      0 |      0 |    851 |   1 | 1113.0 |
        Bailey |    742 |    742 |      0 |      0 |    478 |   1 |  742.0 |
               +--------+--------+--------+--------+--------+-----+--------+

Top non-repeatable levels by time:
  Lair:5: 4496 daAuts
     D:7: 2335 daAuts
  Lair:2: 2324 daAuts
    D:11: 2197 daAuts
  Lair:3: 2133 daAuts
  Lair:4: 2020 daAuts
     D:9: 1959 daAuts
     D:6: 1745 daAuts
    D:10: 1706 daAuts
     D:4: 1663 daAuts
     D:5: 1638 daAuts
  Lair:1: 1210 daAuts
     D:8: 1149 daAuts
   Sewer: 1113 daAuts
     D:2: 998 daAuts
